 Dungeon Crawl Stone Soup version 0.21-a0-26-g7b23a2f (webtiles) character file.

2461684 nikopol the Axe Maniac (level 27, 218/218 HPs)
             Began as a Hill Orc Fighter on May 23, 2017.
             Was the Champion of Okawaru.
             Escaped with the Orb
             ... and 4 runes on May 25, 2017!
             The game lasted 06:08:44 (69722 turns).

nikopol the Axe Maniac (Hill Orc Fighter)          Turns: 69722, Time: 06:08:45

Health: 218/218    AC: 42    Str: 36      XL:     27
Magic:  26/26      EV: 13    Int: 15 (16) God:    Okawaru [******]
Gold:   6951       SH: 29    Dex: 18      Spells: 38/48 levels left

rFire    + + +     SeeInvis +   a - +9 broad axe (chop)
rCold    + . .     Gourm    .   e - +0 large shield "Ekoneg" {rCorr Dex+4 Slay+6 Stlth-}
rNeg     + . .     Faith    .   Z - +10 gold dragon scales
rPois    +         Spirit   .   c - +1 helmet {SInv}
rElec    +         Reflect  .   D - +2 cloak {MR+}
rCorr    +         Harm     .   H - +1 pair of gloves {Dex+3}
MR       +++++     Rnd*Rage +   w - +1 pair of boots {run}
Stlth    ..........             X - amulet of Life {rElec rF+ rN+ Regen+}
Regen    0.9/turn               U - ring of Cuipso Diotz {rElec MR+ Int+3 Dex+5}
MPRegen  0.2/turn               q - ring of Ohimp {rF+ MR+ Str+4 Int+5}

@: berserk cooldown, quick
A: berserk 3, blink, blurry vision 3, clumsy 2, deformed body, deterioration 2,
frail 2, low mp 3, screaming 3, no potion heal 1, MP-powered wands
0: Orb of Zot
}: 4/15 runes: barnacled, slimy, silver, gossamer
a: Blink, Heroism, Finesse, Renounce Religion


You escaped.
You worshipped Okawaru.
Okawaru was exalted by your worship.
You were not hungry.

You visited 13 branches of the dungeon, and saw 58 of its levels.
You visited the Abyss 1 time.
You visited 1 bazaar.
You also visited: Sewer, Bailey and Desolation.

You collected 9937 gold pieces.
You spent 2986 gold pieces at shops.

Inventory:

Hand Weapons
 a - a +9 broad axe of chopping (weapon)
Armour
 c - a +1 helmet of see invisible (worn)
 e - the +0 large shield "Ekoneg" (worn) {rCorr Dex+4 Slay+6 Stlth-}
   (Okawaru gifted it to you on level 5 of the Abyss)

   It affects your dexterity (+4).
   It affects your accuracy and damage with ranged weapons and melee attacks
   (+6).
   It protects you from acid and corrosion.
   It makes you less stealthy.
 w - a +1 pair of boots of running (worn)
 D - a +2 cloak of magic resistance (worn)
 H - a +1 pair of gloves of dexterity (worn)
 Z - +10 gold dragon scales (worn)
Jewellery
 q - the ring of Ohimp (right hand) {rF+ MR+ Str+4 Int+5}
   (You found it on level 5 of the Pits of Slime)

   [ring of protection from magic]

   It affects your strength (+4).
   It affects your intelligence (+5).
   It protects you from fire.
   It affects your resistance to hostile enchantments.
 U - the ring of Cuipso Diotz (left hand) {rElec MR+ Int+3 Dex+5}
   (You found it in the Desolation of Salt)

   [ring of protection from magic]

   It affects your intelligence (+3).
   It affects your dexterity (+5).
   It insulates you from electricity.
   It affects your resistance to hostile enchantments.
 X - the amulet of Life (around neck) {rElec rF+ rN+ Regen+}
   (You acquired it on level 11 of the Dungeon)

   [amulet of regeneration]

   It protects you from fire.
   It insulates you from electricity.
   It protects you from negative energy.
   It increases your rate of regeneration.
Wands
 j - a wand of scattershot (4/9)
 k - a wand of enslavement (15/24)
 p - a wand of digging (10/24)
 v - a wand of disintegration (13/24)
 y - a wand of clouds (5/9)
 z - a wand of paralysis (8/24)
 O - a wand of lightning (8/15)
Scrolls
 g - 11 scrolls of recharging
 h - 22 scrolls of remove curse
 l - 6 scrolls of identify
 n - 8 scrolls of blinking
 s - 9 scrolls of fog
 t - 3 scrolls of enchant weapon
 x - 6 scrolls of amnesia
 A - 24 scrolls of teleportation
 E - 6 scrolls of fear
 G - 19 scrolls of magic mapping
 J - a scroll of silence
 K - a scroll of summoning
 Y - 4 scrolls of holy word
Potions
 d - 10 potions of might
 i - 5 potions of haste
 o - 3 potions of agility
 r - 4 potions of ambrosia
 u - 5 potions of berserk rage
 B - 2 potions of cancellation
 C - 3 potions of invisibility
 F - 3 potions of heal wounds
 I - 3 potions of magic
 M - a potion of brilliance
 N - 14 potions of curing
 Q - 5 potions of flight
 R - 3 potions of resistance
Comestibles
 f - 30 bread rations
 m - 28 meat rations
 S - 14 royal jellies
 V - 44 fruits


   Skills:
 O Level 27 Fighting
 O Level 27 Axes
   Level 1.2(16.2) Maces & Flails
 + Level 1.2 Throwing
 + Level 24.3 Armour
 + Level 6.6 Dodging
 - Level 1.5 Stealth
 O Level 27 Shields
 + Level 1.8 Unarmed Combat
 + Level 11.0 Spellcasting
 + Level 10.2 Charms
 * Level 12.1 Translocations
 + Level 9.0 Air Magic
 + Level 4.6 Invocations
 + Level 11.1 Evocations


You had 38 spell levels left.
You knew the following spells:

 Your Spells              Type           Power        Failure   Level  Hunger
a - Deflect Missiles      Chrm/Air       #####.....   77%         6    ######.
b - Song of Slaying       Chrm           #####...     1%          2    None
c - Blink                 Tloc           N/A          1%          2    None


Dungeon Overview and Level Annotations

Branches:
Dungeon (15/15)            Temple (1/1) D:5            Lair (6/6) D:10
 Shoals (4/4) Lair:4       Spider (4/4) Lair:3        Slime (5/5) Lair:6
    Orc (2/2) D:11            Elf (2/3) Orc:2        Vaults (5/5) D:14
  Crypt (3/3) Vaults:3       Tomb (0/3) Crypt:3      Depths (5/5) D:15
   Hell (1/1)                 Dis (0/7) Hell            Geh (0/7) Hell
    Tar (0/7) Hell            Zot (5/5) Depths:5
    Coc: Hell:1

Altars:
Ashenzari
Cheibriados
Dithmenos
Elyvilon
Fedhas
Gozag
Hepliaklqana
Kikubaaqudgha
Makhleb
Nemelex Xobeh
Okawaru
Qazlal
Ru
Sif Muna
Trog
Uskayaw
Vehumet
Wu Jian
Xom
Yredelemnul
Zin
The Shining One
Beogh

Shops:
D:7 (   D:9 (   D:14 }   D:15 !   Orc:2 %?:(   Elf:1 ?   Elf:2 }*=(
Shoals:2 :   Shoals:3 %   Vaults:2 [   Vaults:5 }   Zot:4 *   Depths:1 [=
Depths:3 *   Depths:4 [

Portals:
Hell: Depths:1 Depths:2 Depths:3 Depths:4 Depths:5
Abyss: Depths:4 Depths:5
Pandemonium: Depths:3 Depths:4 Depths:5
Ziggurat: Depths:5

Annotations:
Elf:2 3 runed doors, exclusion: orange crystal statue
Hell exclusion: ice statue


Innate Abilities, Weirdness & Mutations

You have an uncontrollable temper.
You can translocate small distances at will.
Scrolls take you much longer to read.
You are very clumsy. (Dex -4)
Armour fits poorly on your strangely shaped body.
Your body often deteriorates upon taking damage.
You are very frail. (-20% HP)
Your magical capacity is extremely low. (-30% MP)
You frequently scream uncontrollably at your foes.
Potions are less effective at restoring your health.
You expend magic power (3 MP) to strengthen your wands.


Message History

The Orb Guardian is lightly wounded.
The Orb Guardian hits you.
You slash the Orb Guardian!
The Orb Guardian is moderately wounded.
You block the Orb Guardian's attack. x2
You slice the Orb Guardian!!
The Orb Guardian is severely wounded.
You block the Orb Guardian's attack.
You slice the Orb Guardian like a ripe choko!!!
You kill the Orb Guardian!
Okawaru accepts your kill.
You see here a ring mail.
There is an escape hatch in the ceiling here.
A mysterious force pulls you upwards. The hatch slams shut behind you.
You feel yourself speed up.
There is a stone staircase leading up here.
You climb upwards.
There is a stone staircase leading down here.
There is a staircase leading out of the dungeon here.
You have escaped!

#.# #.#
##########.##
#............
#.###########
#.# ######.#
#......#
#@....##
#>..ยงยง#
#.....#
#######


There were no monsters in sight!

Vanquished Creatures
  the Royal Jelly (Slime:5)
  5 orbs of fire (Zot:5)
  A pandemonium lord (Depths:5)
  Mara (Spider:4)
  4 ancient liches
  A juggernaut (Depths:5)
  Boris (Crypt:1)
  Bai Suzhen (Crypt:1)
  Saint Roka (Vaults:5)
  A greater mummy (Depths:4)
  6 Killer Klowns
  2 curse toes
  16 golden dragons
  Geryon (Hell)
  A profane servitor (Crypt:3)
  Nikola (Depths:1)
  5 bone dragons
  3 electric golems
  Jorgrun (Spider:4)
  16 tentacled monstrosities
  30 Orb Guardians
  33 acid blobs
  3 titans
  A quicksilver dragon (shapeshifter) (Vaults:5)
  10 liches
  3 sphinxes (Vaults:5)
  2 death cobs
  A kraken (Shoals:3)
  3 tentacled starspawn (Abyss:5)
  9 quicksilver dragons
  3 ancient champions
  Polyphemus (Shoals:3)
  11 shadow dragons
  14 storm dragons
  3 revenants
  7 tengu reavers
  5 draconian monks
  Donald (Shoals:3)
  Ilsuiw (Shoals:4)
  12 fire giants
  A fire giant (shapeshifter) (Vaults:5)
  8 draconian knights
  12 azure jellies
  A cacodemon (Depths:4)
  23 vault wardens
  10 frost giants
  2 deep elf sorcerers (Vaults:1)
  An orc warlord (Vaults:1)
  Louise (D:15)
  A caustic shrike zombie (Depths:4)
  An angel (D:3)
  8 ghost moths
  8 emperor scorpions
  4 iron dragons (Depths:5)
  4 draconian shifters
  An imperial myrmidon (Desolation)
  2 deep elf elementalists
  2 curse skulls
  A balrug (Hell)
  6 draconian scorchers
  2 spriggan defenders (Depths:3)
  3 draconian stormcallers
  4 reapers
  5 draconian annihilators
  4 ghouls
  A juggernaut skeleton (Crypt:2)
  27 very ugly things
  14 ironheart preservers
  22 stone giants
  2 war gargoyles
  Nessos (D:13)
  7 vampire knights
  11 entropy weavers
  4 deep elf demonologists
  8 green draconians
  2 halazid warlocks (Desolation)
  2 deep elf annihilators (Vaults:3)
  13 black draconians
  7 yellow draconians
  5 purple draconians
  9 red draconians
  A lorocyproca (Hell)
  16 white draconians
  A green death (Depths:4)
  3 spark wasps
  A quicksilver dragon zombie (Depths:4)
  16 ettins
  3 crystal guardians
  7 merfolk javelineers (Shoals:4)
  3 blizzard demons
  7 death oozes
  2 eidola
  11 merfolk impalers
  11 fire dragons
  6 deep elf death magi
  Josephine (D:15)
  Snorg (D:13)
  2 deep elf high priests
  20 yaktaur captains
  12 great orbs of eyes
  15 jiangshi
  12 servants of whispers (Desolation)
  A spectral golden dragon (Crypt:3)
  5 ragged hierophants (Desolation)
  14 ice dragons
  4 hydras
  2 merfolk avatars
  11 peacekeepers
  A catoblepas (shapeshifter) (Vaults:5)
  2 spriggan air magi
  13 centaur warriors
  37 vault guards
  8 death knights
  4 rakshasas
  2 alligator snapping turtles (Shoals:4)
  3 catoblepae
  5 merfolk aquamancers
  30 two-headed ogres
  8 dancing weapons
  7 deep troll earth magi
  A queen ant (Lair:6)
  An alligator (shapeshifter) (Depths:2)
  2 satyrs
  4 hell hogs (Hell)
  The ghost of kuniqs the Wallflower, a novice DsFi of Uskayaw (D:9)
  10 death yaks
  9 ogre magi
  7 deep troll shamans
  9 tengu warriors
  A titan zombie (Depths:4)
  4 orc high priests (Orc:2)
  Urug (D:14)
  13 thrashing horrors
  2 vampire magi
  2 sun demons
  7 spriggan berserkers (Depths:3)
  Sonja (D:14)
  33 hell knights
  An iron golem (Hell)
  A storm dragon zombie (Depths:4)
  9 soul eaters
  7 deep elf knights
  4 wretched stars (Abyss:5)
  A shadow demon (Depths:4)
  A golden dragon zombie (Hell)
  2 fire crabs (shapeshifter)
  A sea snake (shapeshifter) (Vaults:5)
  6 shadow wraiths
  2 sixfirhies (Depths:5)
  29 skeletal warriors
  A spatial maelstrom (Abyss:5)
  A spriggan druid (Depths:3)
  10 sea snakes
  25 deep trolls
  2 storm dragon skeletons
  6 unseen horrors
  19 deep elf archers
  A spark wasp zombie (Depths:4)
  A wizard (Depths:4)
  5 glowing orange brains
  An infernal demonspawn (Depths:4)
  A spectral anaconda (Crypt:3)
  An anaconda zombie (Hell)
  A gelid demonspawn (Depths:4)
  8 flayed ghosts
  A lindwurm (shapeshifter) (Vaults:1)
  A golden dragon skeleton (Hell)
  10 large abominations
  14 necromancers
  18 orc knights
  14 phantasmal warriors
  2 tengu zombies (Depths:4)
  18 ironbrand convokers
  19 harpies
  48 deep elf magi
  A lindwurm (Lair:6)
  A shadow dragon skeleton (Crypt:1)
  A stone giant zombie (Hell)
  A fire giant zombie (Depths:4)
  10 shining eyes
  15 orb spiders
  12 manticores
  48 wolf spiders
  3 oklob plants (Lair:6)
  5 orc sorcerers
  64 ugly things
  An iron dragon zombie (Depths:4)
  A fire giant skeleton (Hell)
  7 fauns
  14 cyclopes
  41 moths of wrath
  An apocalypse crab (Abyss:5)
  20 elephants
  2 salamanders
  11 merfolk sirens
  3 black mambas
  8 rust devils
  A spriggan zombie (Depths:4)
  8 water nymphs
  5 guardian serpents
  A dire elephant zombie (Hell)
  8 molten gargoyles
  Psyche (D:8)
  14 vault sentinels
  3 eyes of devastation
  An eye of devastation (shapeshifter) (Elf:2)
  A torpor snail (Spider:3)
  12 spiny frogs
  2 spiny frogs (shapeshifter)
  3 smoke demons
  A water nymph (shapeshifter) (Depths:3)
  A grey draconian zombie (Crypt:1)
  A hellion (Abyss:5)
  An orange demon (D:8)
  21 demonic crawlers
  2 shock serpent skeletons (Crypt:1)
  4 rime drakes
  3 komodo dragons
  A kobold demonologist (D:14)
  100 yaktaurs
  A yaktaur (shapeshifter) (D:9)
  5 spectral swamp worms (Depths:5)
  A human zombie (Vaults:1)
  A tormentor (Crypt:3)
  An ice devil (Depths:1)
  A white draconian zombie (Crypt:2)
  10 freezing wraiths
  2 efreet
  An anaconda simulacrum (Hell)
  3 guardian mummies (Depths:4)
  A hydra zombie (Hell)
  2 ancient zymes (Abyss:5)
  A white draconian skeleton (Crypt:1)
  4 tengu conjurers
  40 jumping spiders
  8 trolls
  32 merfolk
  3 meliai (Spider:4)
  2 jumping spiders (shapeshifter)
  A moth of wrath zombie (Crypt:1)
  A hornet (shapeshifter) (Vaults:1)
  7 polar bears
  17 hornets
  A blink frog (shapeshifter) (Depths:4)
  9 wind drakes
  12 hippogriffs
  2 tengu simulacra (Vaults:1)
  2 hydra skeletons (Hell)
  14 blink frogs
  A harpy skeleton (Crypt:1)
  8 snapping turtles
  A minotaur skeleton (Crypt:2)
  69 saltlings (Desolation)
  116 slime creatures
  6 dream sheep
  12 raiju (Abyss:5)
  A centaur simulacrum (D:14)
  A fire giant simulacrum (Crypt:3)
  6 air elementals
  45 flying skulls (Crypt:3)
  9 shadows
  2 yaks (shapeshifter)
  20 spriggans (Depths:3)
  17 wraiths
  A wind drake zombie (Crypt:1)
  A basilisk (shapeshifter) (Depths:2)
  74 redbacks
  43 yaks
  29 tarantellas
  A tarantella (shapeshifter) (D:15)
  A vampire (D:12)
  18 water elementals
  A wyvern (shapeshifter) (Depths:1)
  A hog (shapeshifter) (Depths:2)
  4 wyverns
  A human (D:9)
  3 steam dragons
  9 fire elementals
  A basilisk (Lair:6)
  4 hungry ghosts
  2 golden eyes (Slime:5)
  4 hogs (D:9)
  3 neqoxecs
  A black mamba skeleton (Crypt:2)
  2 chaos spawn
  An infernal demonspawn zombie (Crypt:2)
  6 vampire mosquitoes
  A soldier ant (shapeshifter) (D:14)
  7 wargs
  An insubstantial wisp (Depths:4)
  A spatial vortex (Abyss:5)
  17 soldier ants
  2 acid dragons
  An ogre zombie (Vaults:1)
  Duvessa (D:7)
  8 porcupines
  A faun skeleton (Crypt:1)
  8 water moccasins
  A swamp drake (D:11)
  2 ettin simulacra
  A lindwurm zombie (Crypt:1)
  4 sky beasts
  A black bear (shapeshifter) (Vaults:3)
  An infernal demonspawn skeleton (Crypt:2)
  A spiny frog skeleton (Hell)
  8 eyes of draining
  2 ice beasts
  An ice dragon simulacrum (Crypt:1)
  6 phantoms
  A black bear (Lair:6)
  39 orc warriors
  A hornet zombie (D:9)
  44 ogres
  An orc zombie (Vaults:1)
  8 boggarts
  A human skeleton (Vaults:1)
  A tengu (shapeshifter) (Depths:4)
  16 wolves
  6 necrophages
  39 centaurs
  10 crocodiles
  A komodo dragon zombie (Crypt:2)
  14 bullfrogs
  A yaktaur zombie (Vaults:1)
  5 big kobolds
  2 elf zombies
  A gnoll sergeant (Orc:2)
  5 earth elementals (Elf:1)
  Dowan (D:7)
  9 small abominations
  A wyvern skeleton (D:14)
  5 scorpions
  17 killer bees
  3 howler monkeys
  16 wights
  4 electric eels
  2 centaur zombies
  2 bullfrog zombies (D:9)
  8 crimson imps
  2 quasits (D:7)
  2 human simulacra
  5 starcursed masses (Abyss:5)
  8 hounds
  5 jellies
  A gnoll shaman (D:7)
  30 orc priests
  6 bullfrog skeletons
  7 centaur skeletons
  6 iguanas
  Terence (D:3)
  43 orc wizards
  8 hell rats
  26 worker ants
  A sky beast zombie (Crypt:1)
  A hound zombie (D:8)
  6 mummies (Depths:4)
  A howler monkey zombie (D:5)
  14 gnolls
  2 river rats
  18 adders
  4 shadow imps
  2 white imps
  2 ufetubi
  A halfling zombie (Crypt:1)
  A lava snake zombie (Crypt:2)
  7 oozes
  4 worms
  2 dart slugs
  7 leopard geckos
  122 orcs
  7 giant cockroaches
  A gnoll zombie (Crypt:1)
  5 hobgoblins
  10 jackals
  36 kobolds
  6 quokkas
  4 ball pythons
  9 bats
  5 frilled lizards
  11 goblins
  2 leopard gecko skeletons
  A quokka skeleton (D:9)
  16 rats
  3 bushes (D:15)
  A crawling corpse (Vaults:5)
  4 fungi
  79 plants
  10 starspawn tentacles (Abyss:5)
  4 tentacles (Shoals:3)
3254 creatures vanquished.

Vanquished Creatures (collateral kills)
  A merfolk avatar (Depths:1)
  An orc knight (Bailey)
  3 orc warriors (Bailey)
5 creatures vanquished.

Vanquished Creatures (others)
  An eldritch tentacle (Depths:5)
  A merfolk impaler (Shoals:4)
  A ragged hierophant (Desolation)
  A peacekeeper (Desolation)
  A death yak (Shoals:3)
  An ogre mage (Depths:1)
  A deep elf knight (Vaults:4)
  A moth of wrath (Zot:5)
  A large abomination (Abyss:5)
  An orc warrior (Bailey)
  A merfolk (Shoals:4)
  A frost giant simulacrum (Abyss:5)
  A spiny frog zombie (Hell)
  An orc zombie (Vaults:1)
  A scorpion (Depths:4)
  A jelly (shapeshifter) (Vaults:5)
  A small abomination (Abyss:5)
  A mummy (Depths:4)
  3 orcs
  19 fungi
  A lurking horror (Abyss:5)
  19 plants
  2 starspawn tentacles (Abyss:5)
  8 tentacles (Shoals:3)
70 creatures vanquished.

Grand Total: 3329 creatures vanquished

Notes
Turn   | Place    | Note
-------+----------+-------------------------------------------
     0 | D:1      | nikopol the Hill Orc Fighter began the quest for the Orb.
     0 | D:1      | Reached XP level 1. HP: 19/19 MP: 1/1
   113 | D:1      | Reached XP level 2. HP: 27/27 MP: 2/2
   567 | D:1      | Reached XP level 3. HP: 26/33 MP: 3/3
  1024 | D:2      | Reached XP level 4. HP: 40/40 MP: 4/4
  1265 | D:2      | Reached XP level 5. HP: 29/46 MP: 5/5
  1446 | D:2      | Found a burning altar of Makhleb.
  1599 | D:2      | Reached skill level 5 in Axes
  1613 | D:3      | Noticed Terence
  1624 | D:3      | Killed Terence
  1918 | D:3      | Found a faded altar of an unknown god.
  2053 | D:3      | You fall through a shaft for 2 floors!
  2053 | D:5      | Entered Level 5 of the Dungeon
  2067 | D:4      | Reached XP level 6. HP: 37/52 MP: 6/6
  2197 | D:4      | Reached skill level 1 in Dodging
  2450 | D:4      | Reached skill level 5 in Shields
  2515 | D:4      | Reached XP level 7. HP: 60/60 MP: 7/7
  3633 | D:5      | Reached skill level 5 in Fighting
  3826 | D:5      | Found a staircase to the Ecumenical Temple.
  3872 | Temple   | Entered the Ecumenical Temple
  3926 | Temple   | Became a worshipper of Warmaster Okawaru
  4090 | D:6      | Reached XP level 8. HP: 68/68 MP: 8/8
  4135 | D:6      | Found a stormy altar of Qazlal.
  4162 | D:6      | Found a basalt altar of Yredelemnul.
  4162 | D:6      | Found an ornate altar of the Wu Jian Council.
  4162 | D:6      | Found an opulent altar of Gozag.
  4162 | D:6      | Found a glowing silver altar of Zin.
  4162 | D:6      | Found a glowing golden altar of the Shining One.
  4168 | D:6      | Found a snail-covered altar of Cheibriados.
  4577 | D:6      | Reached skill level 5 in Armour
  4817 | D:6      | Found a glowing drain.
  4825 | Sewer    | Entered a sewer
  5251 | D:7      | Noticed Dowan
  5252 | D:7      | Noticed Duvessa
  5260 | D:7      | Killed Duvessa
  5260 | D:7      | Reached * piety under Okawaru
  5265 | D:7      | Killed Dowan
  5265 | D:7      | Reached skill level 10 in Axes
  5282 | D:7      | Found a basalt altar of Yredelemnul.
  5305 | D:7      | Reached XP level 9. HP: 52/75 MP: 9/9
  5382 | D:7      | Found Bueqad's Antique Weapon Shop.
  5727 | D:7      | Reached ** piety under Okawaru
  6621 | D:7      | Reached *** piety under Okawaru
  6629 | D:7      | Reached XP level 10. HP: 34/86 MP: 10/10
  6929 | D:7      | Got a faintly glowing bone ring
  6995 | D:7      | Identified the ring of Ohitzig {Fire *Drain rN+ MR+ Int+3} (You found it on level 7 of the Dungeon)
  6996 | D:7      | Upgraded the game from 0.21-a0-13-g3fd62ac to 0.21-a0-15-g606531c
  7027 | D:8      | Noticed Psyche
  7033 | D:8      | Killed Psyche
  7346 | D:8      | Noticed a two-headed ogre
  7364 | D:8      | Killed a two-headed ogre
  7365 | D:8      | Reached **** piety under Okawaru
  7444 | D:8      | Reached skill level 1 in Invocations
  7880 | D:8      | Noticed a two-headed ogre
  7890 | D:8      | Killed a two-headed ogre
  7890 | D:8      | Received a gift from Okawaru
  7910 | D:8      | Upgraded the game from 0.21-a0-15-g606531c to 0.21-a0-19-g210df22
  8509 | D:9      | Found Min Meidil's Weapon Emporium.
  8543 | D:9      | Reached XP level 11. HP: 91/95 MP: 11/11
  8609 | D:9      | Reached ***** piety under Okawaru
  8622 | D:9      | Noticed kuniqs's ghost (novice DsFi)
  8649 | D:9      | Killed kuniqs's ghost
  9374 | D:9      | Received a gift from Okawaru
  9668 | D:9      | Identified 3 scrolls of acquirement
  9671 | D:9      | Got a slimy shield
  9682 | D:9      | Identified the +7 shield of Bitterness {rN+ Regen+} (You acquired it on level 9 of the Dungeon)
  9888 | D:9      | Got an ancient cloak
  9899 | D:9      | Identified the +0 cloak "Poacih" {rF+ Int+2} (You acquired it on level 9 of the Dungeon)
  9949 | D:10     | Entered Level 10 of the Dungeon
 10037 | D:10     | Found a staircase to the Lair.
 10039 | D:10     | Noticed a two-headed ogre
 10057 | D:10     | Killed a two-headed ogre
 10145 | D:10     | Reached skill level 15 in Axes
 11035 | D:11     | Got a faintly glowing sapphire amulet
 11036 | D:11     | Identified the amulet of Life {rElec rF+ rN+ Regen+} (You acquired it on level 11 of the Dungeon)
 11130 | D:11     | Reached skill level 10 in Fighting
 11167 | D:11     | Found a sacrificial altar of Ru.
 11342 | D:11     | Reached XP level 12. HP: 59/106 MP: 12/12
 11469 | D:11     | Found a staircase to the Orcish Mines.
 11722 | D:11     | Noticed a two-headed ogre
 11731 | D:11     | Killed a two-headed ogre
 11731 | D:11     | Reached skill level 10 in Shields
 11807 | Lair:1   | Entered Level 1 of the Lair of Beasts
 11950 | Lair:1   | Reached skill level 1 in Stealth
 12466 | Lair:2   | Upgraded the game from 0.21-a0-19-g210df22 to 0.21-a0-26-g7b23a2f
 12553 | Lair:2   | Received a gift from Okawaru
 12602 | Lair:2   | Got a spiked crystal plate armour {god gift}
 12613 | Lair:2   | Identified the +8 crystal plate armour of Zotyif {rElec rF++ Int-3} (Okawaru gifted it to you on level 2 of the Lair of Beasts)
 12925 | Lair:2   | Reached ****** piety under Okawaru
 13321 | Lair:3   | Noticed a death yak
 13322 | Lair:3   | Noticed a death yak
 13322 | Lair:3   | Noticed a death yak
 13323 | Lair:3   | Noticed a death yak
 13335 | Lair:3   | Killed a death yak
 13342 | Lair:3   | Killed a death yak
 13347 | Lair:3   | Killed a death yak
 13349 | Lair:3   | Reached XP level 13. HP: 102/116 MP: 13/13
 13578 | Lair:3   | Found a hole to the Spider Nest.
 14789 | Lair:4   | Received a gift from Okawaru
 14991 | Lair:3   | Reached skill level 1 in Maces & Flails
 14991 | Lair:3   | Reached skill level 5 in Dodging
 15080 | Lair:4   | Found a staircase to the Shoals.
 16259 | Lair:6   | Entered Level 6 of the Lair of Beasts
 16539 | Lair:6   | Received a gift from Okawaru
 16564 | Lair:6   | Got a crude broad axe {god gift}
 16568 | Lair:6   | Identified the +1 broad axe of Buiguez {flame, rC+} (Okawaru gifted it to you on level 6 of the Lair of Beasts)
 16608 | Lair:6   | Reached XP level 14. HP: 124/127 MP: 14/14
 16718 | Lair:6   | Noticed an entropy weaver
 16978 | Lair:6   | Killed an entropy weaver
 17127 | Lair:6   | Received a gift from Okawaru
 17390 | Lair:6   | Found a staircase to the Slime Pits.
 17754 | Lair:6   | Noticed an entropy weaver
 17855 | Lair:6   | Killed an entropy weaver
 18313 | Orc:1    | Entered Level 1 of the Orcish Mines
 18682 | Orc:2    | Entered Level 2 of the Orcish Mines
 18864 | Orc:1    | Found a roughly hewn altar of Beogh.
 18942 | Orc:1    | Found a deep blue altar of Sif Muna.
 19078 | Orc:2    | Found a staircase to the Elven Halls.
 19269 | Orc:2    | Received a gift from Okawaru
 19611 | Orc:2    | Reached XP level 15. HP: 138/138 MP: 15/15
 19718 | Orc:2    | Found Vaghyoz's Weapon Emporium.
 19718 | Orc:2    | Found Obumumih's Book Emporium.
 19719 | Orc:2    | Found Suha's Food Shoppe.
 19726 | Orc:2    | Found Xemyph's Magic Scroll Shoppe.
 20517 | D:12     | Got a pitted glass ring
 20519 | D:12     | Identified the ring of Xom's Ringing Laughter {Str+4 Int+5 Slay+3 Stlth+} (You found it on level 12 of the Dungeon)
 20521 | D:12     | Got an ancient cloak
 20532 | D:12     | Identified the +2 cloak of Greed {Stlth+} (You found it on level 12 of the Dungeon)
 20928 | D:12     | Reached skill level 10 in Armour
 20940 | D:12     | Reached skill level 15 in Fighting
 21161 | D:13     | Noticed Nessos
 21189 | D:13     | Killed Nessos
 21189 | D:13     | Received a gift from Okawaru
 21246 | D:13     | Noticed Snorg
 21254 | D:13     | Killed Snorg
 21670 | D:14     | Noticed Urug
 21678 | D:14     | Noticed Sonja
 21678 | D:14     | Killed Urug
 21688 | D:14     | Killed Sonja
 21706 | D:14     | Found Exit's Gadget Boutique.
 21783 | D:14     | Found a gate to the Vaults.
 21808 | D:14     | Found a flagged portal.
 21818 | Bailey   | Entered a bailey
 22070 | Bailey   | Reached skill level 15 in Shields
 22166 | Bailey   | Identified a +0 pair of boots of running (You found it in a bailey)
 22492 | Orc:2    | Bought a scroll of identify for 24 gold pieces
 22492 | Orc:2    | Bought a scroll of identify for 24 gold pieces
 22492 | Orc:2    | Bought a scroll of identify for 24 gold pieces
 22492 | Orc:2    | Bought a scroll of teleportation for 36 gold pieces
 22935 | D:14     | Reached skill level 1 in Evocations
 23019 | D:14     | Reached XP level 16. HP: 149/149 MP: 16/16
 23269 | D:15     | Entered Level 15 of the Dungeon
 23269 | D:15     | Noticed Louise
 23283 | D:15     | Killed Louise
 23589 | D:15     | Received a gift from Okawaru
 23590 | D:15     | Noticed Josephine
 23597 | D:15     | Killed Josephine
 23628 | D:15     | Got a faintly glowing plate armour {god gift}
 23639 | D:15     | Identified the +6 plate armour of Zatu {*Contam Str+7 Int+3} (Okawaru gifted it to you on level 15 of the Dungeon)
 23704 | D:15     | Gained mutation: Your body sometimes deteriorates upon taking damage. [mutagenic glow]
 24035 | D:15     | Found Awey's Distillery.
 24043 | D:15     | Bought a potion of haste for 110 gold pieces
 24043 | D:15     | Bought a potion of haste for 110 gold pieces
 24043 | D:15     | Bought 2 potions of heal wounds for 110 gold pieces
 24043 | D:15     | Bought a potion of experience for 550 gold pieces
 24043 | D:15     | Bought a potion of might for 44 gold pieces
 24045 | D:15     | Reached skill level 1 in Throwing
 24045 | D:15     | Reached skill level 1 in Unarmed Combat
 24045 | D:15     | Reached XP level 17. HP: 158/158 MP: 16/18
 24389 | D:15     | Found a staircase to the Depths.
 24664 | Spider:1 | Entered Level 1 of the Spider Nest
 25809 | Spider:3 | Received a gift from Okawaru
 26012 | Spider:3 | Got a slimy buckler {god gift}
 26026 | Spider:3 | Identified the +0 buckler of the Unseen Realm {+Blink rF+ MR- Dex+6 SInv} (Okawaru gifted it to you on level 3 of the Spider Nest)
 26352 | Spider:3 | Reached XP level 18. HP: 154/169 MP: 19/19
 27075 | Spider:3 | Got a pitted cloak
 27086 | Spider:3 | Identified the +2 cloak of Kumiema {+Fly rN++ Int-3 Slay+6} (You found it on level 3 of the Spider Nest)
 27307 | Spider:4 | Entered Level 4 of the Spider Nest
 27319 | Spider:4 | Noticed Jorgrun
 27334 | Spider:4 | Killed Jorgrun
 27340 | Spider:4 | Received a gift from Okawaru
 27849 | Spider:4 | Noticed Mara
 27881 | Spider:4 | Noticed nikopol's illusion
 27909 | Spider:4 | Killed Mara
 27909 | Spider:4 | Received a gift from Okawaru
 28453 | Spider:4 | Reached XP level 19. HP: 175/179 MP: 20/20
 28473 | Spider:4 | Got a gossamer rune of Zot
 28967 | Orc:2    | Got a steaming ring mail {god gift}
 28979 | Orc:2    | Identified the +3 ring mail "Ykedawo" {+Blink +Inv rF- Str+5} (Okawaru gifted it to you on level 2 of the Orcish Mines)
 29025 | Elf:1    | Entered Level 1 of the Elven Halls
 29135 | Elf:1    | Found Zisenodd's Magic Scroll Emporium.
 29138 | Elf:1    | Bought a scroll of blinking for 127 gold pieces
 29138 | Elf:1    | Bought a scroll of teleportation for 51 gold pieces
 29138 | Elf:1    | Bought a scroll of identify for 34 gold pieces
 29138 | Elf:1    | Bought a scroll of identify for 34 gold pieces
 29138 | Elf:1    | Bought a scroll of enchant armour for 127 gold pieces
 29184 | Elf:1    | Received a gift from Okawaru
 29202 | Elf:1    | Found a ruined gateway.
 29250 | Desolati | Entered the Desolation of Salt
 29507 | Desolati | Got a transparent iron ring
 29569 | Desolati | Identified the Reference Book on Evil Conjuration
 29571 | Desolati | Identified the Almanac of Fire and Talismans
 29580 | Desolati | Learned a level 6 spell: Deflect Missiles
 29583 | Desolati | Identified Jaatackekk's Grimoire of Enchanting Earth
 29649 | Desolati | Reached skill level 1 in Spellcasting
 29861 | Desolati | Identified the Handbook of Scorching Moulding
 29875 | Desolati | Got a steaming amber ring
 29877 | Desolati | Identified the ring "Ohaxten" {Fire rPois rN++ MR- Str+2} (You took it off a servant of whispers in the Desolation of Salt)
 29879 | Desolati | Identified the ring of Cuipso Diotz {rElec MR+ Int+3 Dex+5} (You found it in the Desolation of Salt)
 29894 | Desolati | Got a smoking ivory amulet
 29982 | Desolati | Received a gift from Okawaru
 30448 | Elf:1    | Learned a level 2 spell: Song of Slaying
 30652 | Elf:1    | Reached XP level 20. HP: 191/191 MP: 21/21
 30881 | Elf:1    | Identified the Guide on Dark Arts
 31070 | Elf:1    | Received a gift from Okawaru
 31491 | Elf:2    | Found Xaruewn's General Store.
 31546 | Elf:2    | Found a runed gate.
 31546 | Elf:2    | Found a runed gate.
 31546 | Elf:2    | Found a runed gate.
 31577 | Elf:2    | Found Mujy's Jewellery Shop.
 31630 | Elf:2    | Found Xufasavu's Weapon Shoppe.
 31661 | Elf:2    | Gained mutation: You occasionally shout uncontrollably at your foes. [a cacodemon]
 31781 | Elf:2    | Found Hog Fyri's Gadget Shoppe.
 32023 | Elf:2    | Found Mixkoimp's Assorted Antiques.
 32050 | Elf:2    | Bought a bloodstained helmet for 247 gold pieces
 32050 | Elf:2    | Bought a scroll of identify for 52 gold pieces
 32050 | Elf:2    | Bought a shimmering wooden ring for 130 gold pieces
 32053 | Elf:2    | Identified the amulet "Heklidel" {Harm *Drain rElec rPois} (You found it in the Desolation of Salt)
 32061 | Elf:2    | Identified the cursed ring of Baukir {MR+ Int-3} (You bought it in a shop on level 2 of the Elven Halls)
 32085 | Elf:2    | Identified the cursed -1 helmet of the Swamp {+Inv rF+ Stlth+} (You bought it in a shop on level 2 of the Elven Halls)
 32655 | Shoals:1 | Entered Level 1 of the Shoals
 33360 | Shoals:1 | Received a gift from Okawaru
 33630 | Shoals:2 | Found Fiuzxeby's Book Emporium.
 34261 | Shoals:3 | Noticed Polyphemus
 34283 | Shoals:3 | Killed Polyphemus
 34722 | Shoals:3 | Noticed Donald
 34738 | Shoals:3 | Killed Donald
 34898 | Shoals:3 | Found Atumn's Food Shoppe.
 34974 | Shoals:4 | Entered Level 4 of the Shoals
 35503 | Shoals:4 | Reached XP level 21. HP: 80/201 MP: 24/24
 35677 | Shoals:4 | Received a gift from Okawaru
 35693 | Shoals:4 | Got a pair of spiked gloves {god gift}
 35704 | Shoals:4 | Identified the +0 pair of gloves of Resilience {rElec} (Okawaru gifted it to you on level 4 of the Shoals)
 35885 | Shoals:4 | Got a barnacled rune of Zot
 36012 | Shoals:4 | Reached skill level 5 in Evocations
 36103 | Shoals:4 | Got a faintly humming chain mail
 36118 | Shoals:4 | Identified the cursed +1 chain mail of Amelioration {*Contam Dex+7} (You took it off a merfolk on level 4 of the Shoals)
 36152 | Shoals:4 | Gained mutation: You sometimes yell uncontrollably at your foes. [mutagenic glow]
 36382 | Shoals:4 | Noticed Ilsuiw
 36438 | Shoals:4 | Killed Ilsuiw
 37266 | Vaults:1 | Entered Level 1 of the Vaults
 37860 | Vaults:1 | Received a gift from Okawaru
 38455 | Vaults:1 | Noticed a golden dragon
 38463 | Vaults:1 | Killed a golden dragon
 38604 | Vaults:1 | Reached XP level 22. HP: 182/211 MP: 27/27
 38671 | Vaults:1 | Identified Usiduatre's Reference Book on Mutagenic Execration
 40174 | Vaults:2 | Received a gift from Okawaru
 40225 | Vaults:2 | Found Yschub's Antique Armour Emporium.
 40233 | Vaults:2 | Bought an ichor-stained plate armour for 1064 gold pieces
 40249 | Vaults:2 | Identified the +12 plate armour of Undesirable Species {*Corrode +Inv Regen+ Str+8} (You bought it in a shop on level 2 of the Vaults)
 41144 | Vaults:3 | Received a gift from Okawaru
 41152 | Vaults:3 | Got a warped executioner's axe {god gift}
 41159 | Vaults:3 | Identified the +7 executioner's axe "Hideeme" {freeze, Str+3} (Okawaru gifted it to you on level 3 of the Vaults)
 41394 | Vaults:3 | Found a staircase to the Crypt.
 41394 | Vaults:3 | Found a basalt altar of Yredelemnul.
 41395 | Vaults:3 | Found an ancient bone altar of Kikubaaqudgha.
 41975 | Vaults:4 | Reached XP level 23. HP: 223/223 MP: 29/29
 42077 | Vaults:4 | Received a gift from Okawaru
 42206 | Vaults:4 | Received a gift from Okawaru
 42965 | Vaults:4 | Reached skill level 15 in Armour
 43427 | Depths:1 | Entered Level 1 of the Depths
 43438 | Depths:1 | Noticed Nikola
 43452 | Depths:1 | Killed Nikola
 43454 | Depths:1 | Received a gift from Okawaru
 43454 | Depths:1 | Reached skill level 10 in Evocations
 43498 | Depths:1 | Got a shimmering cloak {god gift}
 43509 | Depths:1 | Identified the +1 cloak "Odenn" {+Inv rElec Dex-4} (Okawaru gifted it to you on level 1 of the Depths)
 43778 | Depths:1 | Found a runed door.
 43787 | Depths:1 | Found a runed door.
 43828 | Depths:1 | Found a runed warning-scrawled door.
 44109 | Depths:2 | Found a gateway to Hell.
 44306 | Depths:1 | Found Qura's Armour Emporium.
 44306 | Depths:1 | Found Zeax's Jewellery Shoppe.
 44711 | Depths:2 | Received a gift from Okawaru
 44713 | Depths:2 | Reached XP level 24. HP: 235/235 MP: 31/31
 44960 | Depths:2 | Reached skill level 1 in Charms
 44993 | Depths:2 | Reached skill level 1 in Air Magic
 45505 | Depths:3 | Found Xuank's Pet Rocks.
 45528 | Depths:3 | Found a one-way gate leading to the halls of Pandemonium.
 45539 | Depths:3 | Found a flickering gateway to a bazaar.
 45548 | Bazaar   | Entered a bazaar
 45552 | Bazaar   | Found Vanorch's Jewellery Boutique.
 45571 | Bazaar   | Found Baupn's Antique Weapon Shoppe.
 45588 | Bazaar   | Found Onturch's Armour Boutique.
 45605 | Bazaar   | Found Lisku's Antique Armour Emporium.
 46150 | Depths:3 | Gained mutation: You are frail. (-10% HP) [a shining eye]
 46381 | Depths:3 | Received a gift from Okawaru
 46476 | Depths:3 | Got a pair of brightly glowing gloves {god gift}
 46488 | Depths:3 | Identified the +3 pair of gloves "Lybarr" {rN+ Str+3 Dex-4} (Okawaru gifted it to you on level 3 of the Depths)
 47060 | Depths:4 | Found a runed gate.
 47061 | Depths:4 | Found a runed gate.
 47062 | Depths:4 | Found a runed gate.
 47218 | Depths:4 | Reached skill level 5 in Spellcasting
 47293 | Depths:4 | Found a one-way gate to the infinite horrors of the Abyss.
 47343 | Depths:4 | Found Bise's Armour Emporium.
 47445 | Depths:4 | Received a gift from Okawaru
 47448 | Depths:4 | Noticed a greater mummy
 47738 | Depths:4 | Reached XP level 25. HP: 198/220 MP: 31/31
 47863 | Depths:4 | Reached skill level 5 in Charms
 48051 | Depths:4 | Killed a greater mummy
 48276 | Depths:5 | Entered Level 5 of the Depths
 48385 | Depths:5 | Noticed a juggernaut
 48399 | Depths:5 | Killed a juggernaut
 48399 | Depths:5 | Reached skill level 27 in Axes
 48438 | Depths:5 | Found a gateway to a ziggurat.
 48528 | Depths:5 | Received a gift from Okawaru
 48721 | Depths:5 | Found a gate to the Realm of Zot.
 48756 | Depths:5 | Reached skill level 5 in Air Magic
 49023 | Depths:5 | Received a gift from Okawaru
 50035 | Slime:1  | Entered Level 1 of the Pits of Slime
 50148 | Slime:1  | Gained mutation: You frequently scream uncontrollably at your foes. [a shining eye]
 50542 | Slime:2  | Gained mutation: Scrolls take you a little longer to read. [a shining eye]
 50563 | Slime:1  | Gained mutation: Armour fits poorly on your strangely shaped body. [a shining eye]
 50585 | Slime:1  | Received a gift from Okawaru
 50809 | Slime:2  | Gained mutation: You can translocate small distances at will. [a shining eye]
 50814 | Slime:2  | Gained mutation: Your magical capacity is low. (-10% MP) [a shining eye]
 51288 | Slime:4  | Gained mutation: Your body often deteriorates upon taking damage. [a shining eye]
 51298 | Slime:4  | Reached XP level 26. HP: 158/232 MP: 22/31
 51912 | Slime:5  | Entered Level 5 of the Pits of Slime
 51940 | Slime:5  | Gained mutation: Your magical capacity is very low. (-20% MP) [a shining eye]
 52070 | Slime:4  | Gained mutation: You are clumsy. (Dex -2) [a shining eye]
 52072 | Slime:4  | Gained mutation: You are very clumsy. (Dex -4) [a shining eye]
 52274 | Slime:5  | Noticed the Royal Jelly
 52386 | Slime:5  | Killed the Royal Jelly
 52671 | Slime:5  | Got a clouded pewter ring
 52672 | Slime:5  | Identified the ring of Ohimp {rF+ MR+ Str+4 Int+5} (You found it on level 5 of the Pits of Slime)
 52698 | Slime:5  | Got a dazzling chain mail
 52711 | Slime:5  | Identified the +6 chain mail of the Valley {+Inv Regen+ Str-2 Stlth+} (You found it on level 5 of the Pits of Slime)
 52726 | Slime:5  | Identified the Catalogue of the Congealing Blaze
 52771 | Slime:5  | Identified the Volume of Dusty Companions
 52842 | Slime:5  | Got a slimy rune of Zot
 52968 | Slime:5  | Gained mutation: You are very frail. (-20% HP) [a shining eye]
 52974 | Slime:5  | Gained mutation: You expend magic power (3 MP) to strengthen your wands. [a shining eye]
 52975 | Slime:5  | Received a gift from Okawaru
 54733 | D:15     | Bought a potion of cancellation for 88 gold pieces
 54956 | Vaults:5 | Entered Level 5 of the Vaults
 54967 | Vaults:5 | Noticed Saint Roka
 54990 | Vaults:5 | Killed Saint Roka
 55029 | Vaults:5 | Received a gift from Okawaru
 55029 | Vaults:5 | Reached skill level 10 in Spellcasting
 55157 | Vaults:5 | Reached XP level 27. HP: 27/216 MP: 29/29
 55160 | Vaults:5 | HP: 8/216 [sphinx/divine providence (14)]
 55710 | Vaults:5 | HP: 9/216 [lich/crystal spear (89)]
 55714 | Vaults:5 | HP: 3/216 [lich (9)]
 55719 | Vaults:5 | Received a gift from Okawaru
 55719 | Vaults:5 | Reached skill level 27 in Fighting
 55911 | Vaults:5 | Got a slimy turquoise ring
 55927 | Vaults:5 | Identified the ring "Somer" {rElec MP+9 Int+2} (You took it off a deep elf death mage on level 5 of the Vaults)
 56087 | Vaults:5 | Got a scorched diamond amulet
 56112 | Vaults:5 | Got an ancient morningstar {flame}
 56114 | Vaults:5 | Identified the +5 morningstar of Fury {flame, Int+3} (You took it off a fire giant on level 5 of the Vaults)
 56141 | Vaults:5 | Got a brightly glowing golden ring
 56220 | Vaults:5 | Found Wuffa's Gadget Shoppe.
 56251 | Vaults:5 | Got a silver rune of Zot
 56407 | Vaults:5 | Reached skill level 10 in Charms
 56821 | Vaults:5 | Identified the ring of Muerchisy {*Drain rElec rPois rN++ Str-4} (You took it off an orc warrior on level 5 of the Vaults)
 56823 | Vaults:5 | Identified the amulet of Lito {Reflect rF+ SH+3} (You took it off a yaktaur captain on level 5 of the Vaults)
 57227 | Crypt:1  | Entered Level 1 of the Crypt
 57540 | Crypt:1  | Noticed Boris
 57550 | Crypt:1  | Killed Boris
 58054 | Crypt:1  | Noticed Bai Suzhen
 58074 | Crypt:1  | Killed Bai Suzhen
 58074 | Crypt:1  | Received a gift from Okawaru
 58432 | Crypt:2  | Received a gift from Okawaru
 58495 | Crypt:2  | Got a pair of transparent boots {god gift}
 58506 | Crypt:2  | Identified the +0 pair of boots "Dubb" {rF+ MR+ Str+2} (Okawaru gifted it to you on level 2 of the Crypt)
 58686 | Crypt:2  | Got a steaming scale mail
 58697 | Crypt:2  | Identified the +0 scale mail "Ruizuo" {rPois rN+} (You found it on level 2 of the Crypt)
 59113 | Crypt:3  | Entered Level 3 of the Crypt
 59273 | Crypt:3  | Found an ancient bone altar of Kikubaaqudgha.
 59847 | Crypt:3  | Noticed an ancient lich
 59859 | Crypt:3  | Cast into level 5 of the Abyss (an ancient lich)
 59859 | Abyss:5  | Entered Level 5 of the Abyss
 59880 | Abyss:5  | Received a gift from Okawaru
 59884 | Abyss:5  | Got a slimy large shield {god gift}
 59895 | Abyss:5  | Identified the +0 large shield "Ekoneg" {rCorr Dex+4 Slay+6 Stlth-} (Okawaru gifted it to you on level 5 of the Abyss)
 59901 | Abyss:5  | Found a corrupted altar of Lugonu.
 59917 | Abyss:5  | Found a corrupted altar of Lugonu.
 59954 | Abyss:5  | Found a corrupted altar of Lugonu.
 60053 | Abyss:5  | Paralysed by accursed screaming for 1 turns
 60071 | Abyss:5  | Gained mutation: You tend to lose your temper in combat. [a neqoxec]
 60239 | Crypt:3  | Escaped the Abyss
 60240 | Crypt:3  | HP: 5/218 [??? (2)]
 60248 | Crypt:3  | Found a staircase to the Tomb.
 60271 | Crypt:3  | Killed an ancient lich
 60659 | Crypt:3  | Learned a level 2 spell: Blink
 60746 | Crypt:3  | Reached skill level 1 in Translocations
 60842 | Crypt:3  | Got a coiled iron amulet
 60842 | Crypt:3  | Got a slimy lapis lazuli ring
 60854 | Crypt:3  | Got a translucent lead ring
 60862 | Crypt:3  | Identified the ring "Osyl Esely" {-Tele rElec rN+ Dex+7} (You found it on level 3 of the Crypt)
 60864 | Crypt:3  | Identified the amulet "Weytac" {Regen+ Dex+3} (You found it on level 3 of the Crypt)
 60867 | Crypt:3  | Got a translucent morningstar
 60870 | Crypt:3  | Identified the ring of Joed {+Inv rElec rN+ Dex+4 Stlth-} (You found it on level 3 of the Crypt)
 61376 | Hell     | Entered the Vestibule of Hell
 61376 | Hell     | Noticed Geryon
 61412 | Hell     | Received a gift from Okawaru
 61894 | Hell     | Killed Geryon
 61939 | Hell     | Identified the cursed +0 morningstar "Othif" {flame, Int+3} (You found it on level 3 of the Crypt)
 62068 | Hell     | Found a gateway to the Iron City of Dis.
 62091 | Hell     | Found a gateway to the ashen valley of Gehenna.
 62220 | Hell     | Found a gateway to the decaying netherworld of Tartarus.
 62406 | Zot:1    | Entered Level 1 of the Realm of Zot
 62445 | Zot:1    | Received a gift from Okawaru
 62672 | Zot:1    | Received a gift from Okawaru
 63455 | Zot:2    | Reached skill level 5 in Translocations
 64356 | Zot:3    | Received a gift from Okawaru
 65495 | Zot:4    | Received a gift from Okawaru
 65882 | Zot:4    | Got a slimy chain mail {god gift}
 66018 | Zot:4    | Identified the +0 chain mail of the Monk {+Fly Str-4 Int+8 Slay-3} (Okawaru gifted it to you on level 4 of the Realm of Zot)
 66512 | Zot:4    | Found Rolamuh's Changing Room.
 66575 | Zot:5    | Entered Level 5 of the Realm of Zot
 66581 | Zot:5    | Received a gift from Okawaru
 66796 | Zot:5    | Reached skill level 27 in Shields
 67093 | Zot:5    | Noticed an orb of fire
 67104 | Zot:5    | Killed an orb of fire
 67105 | Zot:5    | Received a gift from Okawaru
 67314 | Zot:5    | Noticed an orb of fire
 67317 | Zot:5    | Gained mutation: Your magical capacity is extremely low. (-30% MP) [an orb of fire]
 67318 | Zot:5    | Killed an orb of fire
 67794 | Zot:5    | Reached skill level 10 in Translocations
 67952 | Zot:5    | Noticed an ancient lich
 67963 | Zot:5    | Killed an ancient lich
 68031 | Zot:5    | Received a gift from Okawaru
 68073 | Zot:5    | Noticed an orb of fire
 68075 | Zot:5    | Gained mutation: Scrolls take you longer to read. [an orb of fire]
 68082 | Zot:5    | Gained mutation: You often lose your temper in combat. [an orb of fire]
 68084 | Zot:5    | Killed an orb of fire
 68326 | Zot:5    | Noticed an orb of fire
 68339 | Zot:5    | Killed an orb of fire
 68339 | Zot:5    | Received a gift from Okawaru
 68370 | Zot:5    | Noticed an orb of fire
 68375 | Zot:5    | Gained mutation: Scrolls take you much longer to read. [an orb of fire]
 68379 | Zot:5    | Killed an orb of fire
 68450 | Zot:5    | Noticed an ancient lich
 68461 | Zot:5    | Killed an ancient lich
 68647 | Zot:5    | Got the Orb of Zot
 68703 | Zot:5    | Noticed Ochiruc the pandemonium lord
 68718 | Zot:5    | Noticed an ancient lich
 68720 | Zot:5    | Noticed Orih the pandemonium lord
 69096 | Depths:5 | Gained mutation: Potions are less effective at restoring your health. [a neqoxec]
 69119 | Depths:5 | Noticed Waaleis the pandemonium lord
 69119 | Depths:5 | Noticed an ancient lich
 69126 | Depths:5 | Noticed Bajy the pandemonium lord
 69170 | Depths:5 | Killed Waaleis the pandemonium lord
 69170 | Depths:5 | Received a gift from Okawaru
 69211 | Depths:4 | Noticed Ebeoh the pandemonium lord
 69519 | D:8      | Noticed Lujintaf the pandemonium lord
 69519 | D:8      | Noticed an ancient lich
 69527 | D:8      | Killed an ancient lich
 69534 | D:8      | Gained mutation: You have an uncontrollable temper. [a neqoxec]
 69722 | D:$      | Escaped with the Orb!

Vault maps used:
D:1:      dpeg_arrival_fog
D:2:      makhleb_grotto_becter
D:3:      chequers_ecumenical_altar_twisty, first_bread, uniq_terence
D:5:      minmay_temple_entry_hall
D:6:      grunt_temple_overflow_open, portal_sewer_entry_e
D:7:      gammafunk_the_bubble, serial_shops, nicolae_shop_overgrown_old_shop,
          basic_altar, dk_rats_in_the_wall, uniq_duvessa
D:8:      uniq_psyche
D:9:      serial_shops, shop, grunt_livestock
D:10:     dpeg_oklobed_lair, nooodl_orcs_dogs
D:11:     erik_orc_1, hangedman_ru_absence
D:12:     minmay_shrinking_squares, nicolae_water_bricks
D:13:     uniq_snorg, uniq_nessos
D:14:     hangedman_vaults_entry_quadrant_bands, enter_bailey_2,
          serial_park_paths, serial_shops, shop, minivault_8, uniq_urug,
          uniq_sonja
D:15:     grunt_enter_depths_snipers, serial_shops, shop, minmay_hedge_maze,
          uniq_josephine, uniq_louise
Temple:   eino_temple_lava
Lair:1:   serial_bayou_shore_a
Lair:2:   serial_bayou_pond_e, infiniplex_staircase_pool
Lair:3:   nicolae_spider_entry_tight_spaces, st_stairs_10
Lair:4:   elwin_shoals_entry_stream, serial_bayou_pond_d
Lair:5:   grunt_megastairs_1, infiniplex_staircase_pool_2
Lair:6:   grunt_lair_end_beastmaster, minmay_slime_entry_oklob_enclosed,
          zaba_antful_of_joy, serial_bayou_shore_b, lemuel_fruit_fields,
          serial_bayou_shore_b
Shoals:1: st_shoals_ruin
Shoals:2: serial_shops, nicolae_shop_stone
Shoals:3: serial_shops, nicolae_shop_trees, uniq_polyphemus, uniq_donald
Shoals:4: shoals_end_hangedman, shoals_ilsuiw_alternative,
          nicolae_shoals_drake_roost
Spider:2: spider_trap
Spider:3: cheibrodos_spider_silkery
Spider:4: guppyfry_spider_rune, spiders_nest_spider_trap, uniq_jorgrun,
          uniq_mara
Orc:1:    basic_altar, led_sif_book
Orc:2:    st_orc_mages, nicolae_orc_tapped_out
Elf:1:    minmay_elf_arrival_circle, portal_desolation_entry_twin_temple,
          serial_shops, nicolae_shop_window_shopping, minmay_elf_necromancy
Elf:2:    serial_shops, shop, nicolae_shop_behind_doors, shop_coins,
          nicolae_shop_crystal, nicolae_shop_trees, serial_sigils_hangedman_gut,
          guppyfry_elf_altar, uniq_asterion
Vaults:1: v_misc_3, st_greater_box_2, hangedman_vaults_impose,
          vaults_room_door_ring, ontoclasm_vaults_spin, v_misc_22, v_rooms_5,
          v_alt_pattern_2, ontoclasm_vaults_gateway, ontoclasm_vaults_twist,
          ontoclasm_vaults_decontamination, hangedman_vaults_maws,
          vaults_standard_mumra_x
Vaults:2: v_misc_28, ontoclasm_vaults_ligature, v_misc_29,
          ontoclasm_vaults_ring_large, ontoclasm_vaults_bender,
          grunt_vaults_hallway_long, nicolae_vaults_ring_of_whatevers,
          nicolae_vaults_network_square, hangedman_vaults_stagger,
          ontoclasm_vaults_idyll, hangedman_vaults_restitches,
          nicolae_vaults_shelves_hall, nicolae_vaults_alarming, serial_shops,
          shop
Vaults:3: nicolae_vaults_little_squares_3, vaults_mumra_hex, v_misc_23,
          minmay_crypt_entry_necro_gods, grunt_vaults_focal,
          ontoclasm_vaults_eye, ontoclasm_vaults_tryst, v_misc_18, v_misc_19,
          ontoclasm_vaults_ring_large, nicolae_vaults_three_branches,
          grunt_vaults_hallway_short, nicolae_vaults_little_squares_2,
          st_lattice
Vaults:4: hangedman_vaults_stream, vaults_room_hallway,
          ontoclasm_vaults_ring_large, v_misc_3, v_rooms_4,
          ontoclasm_vaults_pinch, nicolae_vaults_little_squares_3,
          nicolae_vaults_specimen_jars, nicolae_vaults_rhombus_7,
          vaults_room_pool, vaults_room_stairs_pillars, hangedman_vaults_maws
Vaults:5: uniq_saint_roka
Crypt:1:  grunt_crypt_arrival_webbed, uniq_boris, uniq_bai_suzhen
Crypt:3:  grunt_crypt_end_deaths_head
Depths:1: hangedman_coc_ice_floe, mikee_hates_you, kennysheep_random_hallway,
          minmay_shoptagon, infiniplex_staircase_pool_lava, uniq_nikola
Depths:2: kennysheep_water_balloons, nicolae_sextant, grunt_metal_band,
          minmay_misc_feat_room
Depths:3: minmay_spriggan_fort, nrook_pool_corridor, hell_entry,
          rand_demon_pan_entry_7, serial_shops, bzr_entry_customers,
          serial_sigils, serial_sigils_hangedman_gut,
          serial_sigils_hangedman_writhe, serial_sigils_hangedman_stare,
          serial_sigils_hangedman_shear, guppyfry_shop_earth,
          infiniplex_staircase_zigzag_4, serial_bayou_shore_b
Depths:4: lemuel_minitomb, hangedman_abyss_or_decor_slice,
          nicolae_abyss_entry_one_way_or_another, rand_demon_pan_entry_5,
          hell_entry, serial_shops, shop, pandoras_box_mu,
          infiniplex_staircase_star, serial_bayou_shore_b
Depths:5: grunt_zot_entry_hairpin, enter_ziggurat_a, pan_entry,
          pf_hell_entry_tar_river, abyss_entry, hangedman_decor_lopped,
          minmay_metal_thing
Zot:2:    zot_minivault_1
Zot:3:    nicolae_zot_stationary_front
Zot:4:    nicolae_transmutations_shop, lemuel_elevator, grunt_megastairs_3
Abyss:5:  evilmike_abyss_exit_7, minivault_22, minivault_1,
          nicolae_abyss_rune_left_handed, evilmike_abyss_exit_glass,
          hangedman_abyss_mock_shop
Bazaar:   bazaar_jpeg_circle_common
Sewer:    sewer_co_15_rooms
Bailey:   bailey_polearm_1, bailey

Skill      XL: |  1  2  3  4  5  6  7  8  9 10 11 12 13 14 15 16 17 18 19 20 21 22 23 24 25 26 27 |
---------------+----------------------------------------------------------------------------------+-----
Axes           | 3 4 5 6 8 10 12 13 15 16 17 18 19 20 21 22 23 24 25 26 27 | 27.0
Shields        | 4 5 6 7 8 9 11 12 13 15 16 18 19 20 21 27 | 27.0
Fighting       | 4 5 7 8 10 11 12 14 15 16 17 18 19 20 22 23 24 25 26 27 | 27.0
Dodging        | 1 2 3 4 5 6 |  6.6
Armour         | 4 5 6 7 8 9 10 11 12 13 14 15 16 17 24 | 24.3
Invocations    | 1 2 3 4 |  4.6
Stealth        | 1 |  1.5
Maces & Flails | 1 |  1.2
Evocations     | 1 2 4 7 9 10 11 | 11.1
Throwing       | 1 |  1.2
Unarmed Combat | 1 |  1.8
Spellcasting   | 1 5 8 10 11 | 11.0
Charms         | 4 7 8 10 | 10.2
Air Magic      | 3 6 7 9 |  9.0
Translocations | 12 | 12.1

Action                   |  1- 3 |  4- 6 |  7- 9 | 10-12 | 13-15 | 16-18 | 19-21 | 22-24 | 25-27 || total
-------------------------+-------+-------+-------+-------+-------+-------+-------+-------+-------++-------
Melee: War axe           |   120 |   156 |   472 |   791 |   108 |       |       |       |       ||  1647
       Broad axe         |       |       |       |       |   858 |   815 |  1578 |  1443 |  3109 ||  7803
       Flail             |       |       |       |       |   109 |       |       |       |       ||   109
       Unarmed           |       |       |       |       |       |       |    28 |       |       ||    28
 Cast: Song of Slaying   |       |       |       |       |       |       |       |       |     3 ||     3
       Blink             |       |       |       |       |       |       |       |       |     1 ||     1
Invok: Heroism           |       |       |       |     3 |     1 |     1 |     2 |     1 |     6 ||    14
       Finesse           |       |       |       |       |       |       |       |       |     1 ||     1
 Abil: Blink             |       |       |       |       |       |       |       |       |     1 ||     1
Evoke: Wand              |       |       |       |     1 |    13 |     2 |       |     8 |     3 ||    27
  Use: Scroll            |       |       |    11 |    16 |    23 |     3 |    17 |    12 |    28 ||   110
       Potion            |       |       |       |       |     1 |     3 |     1 |       |    18 ||    23
 Stab: Petrified         |       |       |       |       |     1 |       |       |       |       ||     1
       Distracted        |       |       |       |       |       |       |     1 |     3 |       ||     4
  Eat: Chunk             |     1 |     5 |     8 |    26 |    31 |    16 |    33 |    29 |    43 ||   192
       Meat ration       |       |       |     1 |       |       |       |       |       |       ||     1
       Royal jelly       |       |       |       |     2 |       |     1 |       |       |    12 ||    15
       Fruit             |       |       |       |       |       |       |       |       |     2 ||     2
Armor: Scale mail        |     4 |    50 |   178 |    54 |       |       |       |       |       ||   286
       Chain mail        |    90 |    53 |       |       |       |       |       |       |       ||   143
       Ring mail         |       |       |       |   103 |   204 |       |       |       |       ||   307
       Crystal plate arm |       |       |       |       |   136 |       |       |       |       ||   136
       Gold dragon scale |       |       |       |       |    36 |   374 |   578 |   425 |  1131 ||  2544
Dodge: Dodged            |    29 |    57 |   129 |   150 |   240 |   164 |   306 |   209 |   581 ||  1865
Block: Shield            |    65 |    94 |   213 |   384 |   989 |   841 |  1569 |  1367 |  1377 ||  6899
       Large shield      |       |       |       |       |       |       |       |       |  1504 ||  1504
